Map: Seeds of Aiur

Players

ILIEKEGGPIE

  • Race: Protoss Protoss
  • League: Platinum
  • Spawn Location: 7:00

MahaonXultra

  • Race: Protoss Protoss
  • League: Gold
  • Spawn Location: 7:00

peps

  • Race: Terran Terran
  • League: Gold
  • Spawn Location: 1:00

Euphoria

  • Race: Terran Terran
  • Spawn Location: 1:00

VOD

Have the link to the VOD?

Description

Time

  • Played on: May 31, 2018, 1:39 p.m.
  • Length: 14:08
Show
View Real Time Build Order
Export as new Build Order

ILIEKEGGPIE Protoss 

Build Orders: 1 Gate Expand, Colossus Rush 

Get SALT Encoding   

  12  0:01  Probe  
  13  0:13  Probe  
  14  0:20  Pylon  
  14  0:24  Probe  
  15  0:34  Probe  
  15  0:41  Gateway  
  15  0:42  Probe  
  16  0:49  Assimilator  
  17  0:54  Probe  
  18  1:06  Probe  
  19  1:18  Probe  
  20  1:27  Nexus  
  20  1:39  Cybernetics Core  
  20  1:45  Assimilator, Probe  
  21  1:57  Probe  
  22  2:15  Pylon  
  22  2:25  Stalker, Warp Gate  
  22  2:30  Probe  
  25  2:38  Probe  
  25  3:05  Probe  
  25  3:07  Robotics Facility  
  25  3:08  Probe  
  27  3:13  Probe  
  28  3:20  Probe  
  28  3:24  Probe  
  29  3:29  Stalker  
  29  3:32  Probe x2  
  31  3:36  Pylon  
  34  3:44  Probe  
  34  3:45  Robotics Facility  
  34  3:48  Probe  
  37  3:55  Observer  
  37  3:56  Probe  
  37  4:00  Probe  
  39  4:03  Robotics Bay  
  39  4:09  Probe  
  40  4:12  Probe  
  40  4:14  Assimilator  
  41  4:31  Gateway  
  41  4:32  Gateway  
  41  4:35  Pylon  
  41  4:40  Forge  
  41  4:45  Pylon  
  41  4:46  Probe  
  41  4:47  Probe  
  43  4:53  Assimilator  
  43  4:59  Probe x2  
  45  5:01  Colossus  
  45  5:02  Pylon  
  51  5:14  Protoss Ground Weapons Level 1  
  51  5:17  Nexus  
  51  5:25  Probe x2  
  51  5:26  Extended Thermal Lance  
  53  5:33  Colossus  
  59  5:50  Twilight Council  
  59  6:18  Stalker x2  
  59  6:19  Stalker  
  61  6:26  Colossus  
  67  6:44  Stalker  
  66  6:57  Stalker  
  66  7:16  Protoss Ground Armor Level 1  
  66  7:26  Twilight Council  
  66  7:32  Gateway  
  66  7:34  Gateway  
  66  7:35  Assimilator  
  66  7:37  Probe x2  
  66  7:38  Assimilator  
  68  7:47  Warp Prism x2  
  68  7:49  Probe x2  
  61  8:53  Charge  
  61  8:55  Observer x2  
  59  8:57  Stalker x2  
  63  9:14  Probe  
  63  9:15  Probe  
  65  9:22  Assimilator  
  65  9:23  Colossus x2, Pylon  
  77  9:24  Stalker x3  
  77  9:25  Pylon  
  83  9:38  Probe x2  
  84  9:39  Probe  
  86  9:46  Probe  
  86  9:47  Probe  
  86  9:50  Probe  
  89  9:56  Templar Archives  
  89  10:05  Pylon  
  89  10:07  Pylon  
  89  10:08  Zealot x2  
  89  10:09  Zealot x2, Pylon  
  97  10:34  Stalker x2  
  97  10:35  Stalker x2  
  105  10:47  Nexus  
  103  11:16  Probe  
  94  11:43  Pylon x2  
  92  11:54  Photon Cannon  
  92  11:56  Colossus x2  
  92  11:58  Photon Cannon  
  98  12:38  Pylon  
  98  12:41  Pylon  
  98  12:42  Pylon  
  98  12:43  Stalker x2, Pylon  
  102  12:45  Stalker x2  
  106  13:01  Nexus  
  103  13:27  Stalker  
  103  13:28  Stalker x2  
Show
View Real Time Build Order
Export as new Build Order

MahaonXultra Protoss 

Build Orders:  

Get SALT Encoding   

  12  0:01  Probe  
  13  0:09  Probe  
  14  0:18  Probe  
  15  0:30  Pylon  
  15  0:36  Pylon  
  15  0:48  Probe  
  16  0:59  Gateway  
  16  1:00  Probe  
  17  1:09  Assimilator  
  17  1:12  Probe  
  18  1:19  Assimilator  
  18  1:24  Probe  
  19  1:36  Probe  
  20  1:45  Probe  
  20  1:52  Cybernetics Core  
  20  1:53  Gateway  
  20  1:54  Probe  
  22  2:03  Probe  
  22  2:07  Pylon  
  23  2:12  Warp Gate  
  23  2:15  Probe  
  24  2:27  Probe  
  25  2:31  Stargate  
  25  2:38  Gateway  
  25  2:39  Probe  
  26  2:49  Stalker  
  28  2:51  Probe  
  29  3:03  Probe  
  30  3:17  Fleet Beacon  
  30  3:22  Probe  
  30  3:23  Gateway  
  31  3:27  Pylon  
  31  3:33  Pylon  
  31  3:34  Probe  
  32  3:59  Mothership  
  32  4:02  Forge  
  40  4:28  Stalker  
  42  4:38  Stalker, Photon Cannon  
  44  4:47  Stalker, Photon Cannon  
  46  5:00  Stalker  
  46  5:01  Pylon  
  48  5:21  Nexus  
  48  5:24  Protoss Ground Weapons Level 1  
  48  5:25  Stalker  
  50  5:34  Stalker  
  52  5:35  Zealot  
  54  5:51  Stalker  
  54  5:52  Stalker  
  55  6:34  Probe  
  56  6:45  Stalker x2  
  56  6:46  Stalker x2, Probe  
  61  6:54  Photon Cannon  
  61  6:58  Probe  
  62  7:09  Robotics Facility  
  62  7:10  Probe  
  63  7:30  Stalker x2  
  63  7:31  Stalker  
  69  7:44  Probe  
  70  7:49  Pylon  
  70  8:07  Probe  
  37  8:50  Observer  
  37  9:01  Protoss Ground Armor Level 1  
  38  9:06  Twilight Council  
  38  9:08  Observer  
  38  9:12  Stalker  
  38  9:13  Stalker x2, Gateway  
  38  9:14  Stalker  
  45  9:19  Gateway  
  45  9:23  Photon Cannon  
  45  9:26  Photon Cannon  
  45  9:55  Charge  
  45  10:03  Stalker  
  45  10:04  Stalker  
  49  10:09  Probe  
  50  10:17  Probe  
  50  10:27  Probe  
  51  10:30  Assimilator  
  51  10:34  Assimilator  
  51  10:35  Stalker  
  54  10:36  Stalker  
  54  10:38  Stalker x3  
  54  10:39  Probe  
  62  10:51  Probe  
  62  11:15  Photon Cannon  
  62  11:18  Photon Cannon  
  62  11:21  Zealot x2  
  62  11:22  Zealot  
  68  11:43  Zealot  
  68  11:44  Zealot  
  68  11:45  Zealot, Protoss Ground Weapons Level 2  
  74  12:16  Zealot x2  
  78  12:57  Pylon  
  78  12:58  Pylon  
  78  13:07  Nexus  
  78  13:31  Stalker x2  
  78  13:32  Stalker x2  
  78  13:33  Stalker  
  88  14:01  Stargate  
  94  14:03  Stargate  
  94  14:05  Stargate  
Show
View Real Time Build Order
Export as new Build Order

peps Terran 

Build Orders:  

Get SALT Encoding   

  12  0:02  SCV  
  13  0:14  SCV  
  14  0:21  Supply Depot  
  14  0:26  SCV  
  15  0:42  SCV  
  16  0:44  Barracks  
  16  0:54  SCV  
  17  1:06  SCV  
  18  1:18  SCV  
  19  1:25  Command Center  
  19  1:31  SCV  
  20  1:32  Refinery  
  20  1:35  Refinery  
  20  1:42  Marine  
  20  1:43  SCV  
  22  2:00  Supply Depot  
  22  2:01  SCV  
  23  2:16  Orbital Command  
  23  2:28  Refinery  
  23  2:39  Factory  
  23  2:41  SCV  
  24  2:47  SCV  
  25  2:58  SCV  
  25  3:00  SCV  
  27  3:11  SCV  
  28  3:16  SCV  
  29  3:25  Factory Tech Lab  
  29  3:28  Starport x2  
  29  3:29  SCV  
  29  3:30  SCV  
  31  3:36  Starport  
  31  3:41  SCV  
  32  3:49  SCV  
  32  3:55  Factory Tech Lab  
  33  3:57  SCV  
  33  4:01  SCV  
  35  4:04  Refinery  
  35  4:09  SCV  
  36  4:10  Starport Tech Lab  
  36  4:13  SCV  
  37  4:23  Cloaking Field  
  37  4:24  SCV  
  37  4:29  SCV  
  37  4:31  Banshee  
  42  4:32  Banshee  
  45  4:40  Supply Depot  
  45  4:45  Supply Depot  
  45  4:47  SCV  
  46  5:01  Banshee, SCV  
  46  5:02  SCV  
  46  5:05  Supply Depot  
  51  5:17  Banshee  
  51  5:19  Command Center  
  54  5:25  Banshee  
  57  5:32  SCV  
  57  5:33  SCV  
  59  5:44  SCV  
  59  5:45  SCV  
  59  5:46  Supply Depot  
  61  5:50  Banshee  
  64  6:02  Banshee  
  67  6:08  SCV x2  
  66  6:26  Banshee  
  69  6:33  Banshee  
  69  6:45  Banshee  
  62  7:08  Starport  
  62  7:10  Starport, SCV x2  
  62  7:15  Viking  
  66  7:21  Viking  
  66  7:22  SCV x2  
  70  7:36  Orbital Command  
  70  7:38  Orbital Command  
  70  7:45  Viking x2  
  70  7:46  Viking  
  70  7:48  Viking  
  78  7:53  Viking  
  78  7:54  Supply Depot, SCV  
  78  7:56  Supply Depot  
  80  8:07  SCV  
  80  8:11  Command Center  
  81  8:15  Viking x2  
  81  8:16  Raven  
  81  8:19  SCV x3  
  90  8:31  SCV x2  
  84  8:41  Viking  
  84  8:42  Viking  
  84  8:45  Viking  
  88  8:49  Viking  
  88  8:59  Viking  
  88  9:02  SCV x3  
  93  9:08  Fusion Core  
  93  9:10  Supply Depot  
  93  9:14  SCV  
  93  9:15  SCV x2  
  96  9:18  Refinery  
  96  9:20  Refinery  
  96  9:21  Starport Tech Lab x2  
  96  9:26  Viking  
  98  9:34  Supply Depot  
  98  9:42  Armory x2  
  98  9:51  Supply Depot  
  98  9:56  Battlecruiser x2  
  110  10:10  Refinery  
  110  10:11  Refinery  
  110  10:12  Command Center  
  110  10:32  Battlecruiser x2  
  122  10:52  Battlecruiser  
  122  10:53  SCV x3  
  133  11:18  Battlecruiser  
  131  11:39  Terran Vehicle And Ship Armor Level 1, Terran Ship Weapons Level 1  
  131  11:41  Battlecruiser  
  135  12:04  Engineering Bay  
  135  12:07  Battlecruiser  
  141  12:09  Banshee  
  144  12:27  SCV x3  
  147  12:33  Planetary Fortress  
  147  12:39  SCV  
  148  12:46  Refinery  
  148  12:47  Supply Depot x2  
  148  12:49  Supply Depot  
  148  12:50  Command Center  
  148  12:56  Refinery  
  148  13:11  Supply Depot  
  154  13:52  Supply Depot  
  154  13:55  SCV  
  154  13:56  SCV x2  
Show
View Real Time Build Order
Export as new Build Order

Euphoria Terran 

Build Orders: MMM Bio 

Get SALT Encoding   

  12  0:01  SCV  
  13  0:13  SCV  
  14  0:20  Supply Depot  
  14  0:25  SCV  
  15  0:31  Refinery  
  15  0:41  SCV  
  16  0:46  Barracks  
  16  0:53  Refinery  
  16  0:57  SCV  
  18  1:11  SCV  
  18  1:23  SCV  
  19  1:34  Factory  
  19  1:37  Reaper  
  20  1:43  Orbital Command  
  20  1:56  Barracks  
  20  2:10  Supply Depot  
  20  2:11  SCV  
  20  2:13  Barracks Tech Lab  
  21  2:18  Factory Reactor  
  21  2:25  SCV  
  22  2:33  Starport  
  22  2:37  SCV  
  23  3:04  SCV  
  24  3:16  SCV  
  28  3:24  Starport Reactor  
  25  3:38  Barracks  
  25  3:39  Siege Tank  
  25  3:41  Marine x2  
  30  3:59  SCV  
  30  4:02  Command Center, Barracks Tech Lab  
  31  4:10  Marine x2  
  31  4:13  Siege Tank  
  31  4:14  Supply Depot  
  36  4:17  Medivac  
  38  4:26  Stimpack  
  38  4:30  Barracks Tech Lab  
  38  4:32  Marine  
  38  4:35  Marine  
  40  4:40  Supply Depot  
  40  4:43  SCV  
  41  5:20  Orbital Command, Refinery  
  41  5:22  SCV  
  41  5:27  Marauder x2, Marine  
  41  5:28  Marine  
  47  5:30  Combat Shields  
  47  5:34  SCV  
  49  5:38  Siege Tank  
  49  5:39  Engineering Bay  
  52  5:46  SCV x2  
  52  5:49  Medivac  
  56  5:58  SCV  
  59  6:33  Marauder x2, Marine x2  
  59  6:34  Siege Tank  
  59  6:35  Medivac  
  59  6:36  Medivac  
  70  6:58  Supply Depot  
  70  6:59  Supply Depot  
  70  7:01  Supply Depot  
  70  7:03  Terran Infantry Weapons Level 1  
  70  7:05  Supply Depot  
  70  7:08  Marine x2  
  70  7:11  Marauder x2  
  70  7:21  Viking  
  70  7:22  Viking  
  71  7:30  Starport  
  71  7:36  Starport  
  71  7:57  Armory  
  71  7:58  Armory  
  71  7:59  Engineering Bay  
  71  8:01  Supply Depot  
  71  8:04  Supply Depot  
  71  8:08  Starport Reactor  
  71  8:17  Factory  
  66  8:31  Liberator  
  66  8:33  Marauder x2  
  66  8:34  Marine x2  
  65  8:52  Marine x2  
  65  8:54  Marauder, Marine  
  70  9:01  SCV x2  
  72  9:09  Marine x2  
  72  9:12  Marine  
  72  9:13  SCV x2  
  72  9:15  Marine  
  78  9:20  Factory Tech Lab  
  78  9:22  Siege Tank  
  81  9:25  SCV x2  
  81  9:27  Marine  
  84  9:37  SCV x2  
  86  9:43  Refinery  
  76  9:49  SCV x2  
  76  9:50  Terran Infantry Weapons Level 2  
  78  10:01  SCV x2  
  78  10:03  Command Center  
  78  10:04  Marauder  
  78  10:05  Marauder  
  78  10:06  Marine x2  
  86  10:10  Terran Vehicle Weapons Level 1  
  86  10:13  SCV x2  
  88  10:22  Siege Tank  
  88  10:24  Marine x2  
  88  10:25  SCV  
  88  10:26  Marauder x2, SCV  
  99  10:37  SCV  
  99  10:38  SCV  
  101  10:50  SCV  
  101  10:56  Liberator  
  100  10:57  Liberator x2  
  93  11:09  Marauder x2  
  93  11:10  Marine  
  93  11:11  Marine  
  108  11:24  Refinery  
  108  11:30  Marauder  
  108  11:31  Marauder  
  111  12:18  Missile Turret  
  111  12:19  Missile Turret  
  111  12:21  Missile Turret  
  111  12:24  Missile Turret  
  111  12:44  SCV x2  
  112  12:50  Orbital Command  
  113  12:53  Marauder x2, Marine x2  
  113  12:56  SCV x2  
  113  12:57  Thor  
  127  13:01  Refinery  
  127  13:02  Refinery  
  127  13:08  Thor  
  133  13:18  Supply Depot x2  
  133  13:19  Supply Depot  
  133  13:20  Supply Depot  
  133  13:21  Supply Depot  
  133  13:22  Supply Depot  
  133  13:39  Marine x3  
  133  13:40  Marauder  
Tags
 
Add a new tag
Caveats
  • Supply blocks, unpowered buildings, or Contaminate may cause inaccurate times.
  • Supply counts are checked every 10 seconds.